 Dungeon Crawl Stone Soup version 0.18.1-48-g4cf74bf (webtiles) character file.

212 Heedrag the Conjurer (level 5, -2/28 HPs)
             Began as a Deep Elf Conjurer on Aug 23, 2016.
             Was an Initiate of Vehumet.
             Shot with an arrow by a centaur (4 damage)
             ... on level 5 of the Dungeon.
             The game lasted 00:07:51 (3168 turns).

Heedrag the Conjurer (Deep Elf Conjurer)            Turns: 3168, Time: 00:07:52

Health: -2/28      AC:  2    Str:  6    XL:     5   Next: 58%
Magic:  14/14      EV: 12    Int: 20    God:    Vehumet [......]
Gold:   183        SH:  0    Dex: 13    Spells: 3 memorised, 4 levels left

rFire  . . .     SeeInvis .     d - +0 club
rCold  . . .     Gourm    .     a - +0 robe
rNeg   . . .     Faith    .     (no shield)
rPois  .         Spirit   .     (no helmet)
rElec  .         Dismiss  .     (no cloak)
rCorr  +         Reflect  .     (no gloves)
SustAt .         Harm     .     (no boots)
MR     .....                    (no amulet)
Stlth  ++........               p - ring of resist corrosion
                                j - -2 ring of dexterity (curse)

@: not resistant to hostile enchantments, unstealthy
A: no striking features
a: Renounce Religion


You were on level 5 of the Dungeon.
You worshipped Vehumet.
Vehumet was noncommittal.
You were not hungry.

You visited 1 branch of the dungeon, and saw 5 of its levels.

You collected 183 gold pieces.

Inventory:

Hand Weapons
 d - a +0 club (weapon)
Missiles
 h - 4 curare-tipped needles
Armour
 a - a +0 robe (worn)
Jewellery
 j - a cursed -2 ring of dexterity (left hand)
 p - a ring of resist corrosion (right hand)
 u - an uncursed ring of stealth {unknown}
Scrolls
 f - a scroll of remove curse {unknown}
 g - 6 scrolls of identify {unknown}
 i - 2 scrolls of enchant weapon {unknown}
 m - 2 scrolls of teleportation {unknown}
 n - a scroll of blinking {unknown}
Potions
 e - 3 potions of agility {unknown}
 k - 3 potions of heal wounds {unknown}
 l - a potion of degeneration {unknown}
 o - a potion of cancellation {unknown}
 s - a potion of brilliance {unknown}
 t - a potion of lignification {unknown}
 v - a potion of berserk rage {unknown}
Books
 b - a book of Conjurations

   Spells                             Type                      Level
   a - Magic Dart                     Conjuration                  1
   b - Searing Ray                    Conjuration                  2
   c - Dazzling Spray                 Conjuration/Hexes            3
   d - Fulminant Prism                Conjuration/Hexes            4
   e - Iskenderun's Mystic Blast      Conjuration                  4
   f - Iskenderun's Battlesphere      Conjuration/Charms           5
Comestibles
 c - 4 bread rations
 q - a slice of pizza


   Skills:
 - Level 2.4 Dodging
 - Level 2.4 Stealth
 + Level 5.2 Spellcasting
 * Level 6.5 Conjurations
 + Level 1.1 Charms


You had 4 spell levels left.
You knew the following spells:

 Your Spells              Type           Power        Failure   Level  Hunger
a - Magic Dart            Conj           ####         1%          1    None
b - Iskenderun's Mystic   Conj           ####....     10%         4    ####...
c - Iskenderun's Battles  Conj/Chrm      ###.....     71%         5    #####..


Dungeon Overview and Level Annotations

Branches:
Dungeon (5/15)             Temple (0/1) D:4

Altars:
Ashenzari
Nemelex Xobeh
Pakellas
Sif Muna
Vehumet

Annotations:
D:3 exclusion: giant frog
D:4 Heedrag's ghost, weakling DECj


Message History

Thar be an op'n door 'ere.
Ye op'n tha door.
Found 7 arrows.
Thar be an op'n door 'ere.
g - 6 scrolls labeled XEH GOSUEJABE (gain'd 1) Ye op'n tha door.
Found a hand axe.
Thar be an op'n door 'ere.
As ye op'n tha door, it creaks loudly!
Thar be an op'n door 'ere.
Found a run'd hand axe.
A centaur comes inta view.
Tha centaur shouts!
Tha centaur wields a shortbow.
Tha centaur shoots an arrow.
Tha arrow hits ye!
Ye see 'ere an arrow.
Tha centaur shoots an arrow.
Tha arrow hits ye!
Ouch! Tha re'lly hurt!
* * * LOW HITPOINT WARNIN'
* * * Tha centaur shoots an arrow.
Tha arrow hits ye.
Ye die...

######
####+###########......
.......................
.....................c.
.......................
..................)....
..............(@.#
.................+
.................#
########'#######+##
...........#
...........#
)..........#
#####'###+######+
.................


You could see a centaur.

Vanquished Creatures
  A howler monkey (D:4)
  Robin (D:2)
  A gnoll (D:1)
  4 adders
  An ooze (D:1)
  2 worms (D:4)
  2 dart slugs
  6 giant geckos
  An orc (D:3)
  5 giant cockroaches
  19 goblins
  7 hobgoblins
  13 jackals
  4 kobolds
  A quokka (D:3)
  A ball python (D:4)
  7 bats
  3 giant newts
  7 rats
86 creatures vanquished.

Notes
Turn   | Place    | Note
--------------------------------------------------------------
     0 | D:1      | Heedrag the Deep Elf Conjurer began the quest for the Orb.
     0 | D:1      | Reached XP level 1. HP: 10/10 MP: 6/6
    53 | D:2      | Reached XP level 2. HP: 8/15 MP: 1/8
   143 | D:2      | Reached skill level 5 in Conjurations
   336 | D:2      | Reached XP level 3. HP: 19/19 MP: 3/10
  1028 | D:1      | Reached XP level 4. HP: 24/24 MP: 6/12
  1272 | D:2      | Learned a level 4 spell: Iskenderun's Mystic Blast
  1368 | D:2      | Noticed Robin
  1534 | D:2      | Found a sparkling altar of Nemelex Xobeh.
  1627 | D:2      | Found an oddly glowing altar of Pakellas.
  2077 | D:2      | Found an oddly glowing altar of Pakellas.
  2151 | D:2      | Killed Robin
  2151 | D:2      | Reached skill level 6 in Conjurations
  2362 | D:3      | Found a shattered altar of Ashenzari.
  2379 | D:3      | Noticed a giant frog
  2432 | D:3      | Found a deep blue altar of Sif Muna.
  2483 | D:3      | Found a radiant altar of Vehumet.
  2485 | D:3      | Noticed an ice beast
  2487 | D:3      | Found a shattered altar of Ashenzari.
  2497 | D:3      | Became a worshipper of Vehumet
  2820 | D:3      | Reached XP level 5. HP: 28/28 MP: 8/14
  2847 | D:3      | Learned a level 5 spell: Iskenderun's Battlesphere
  3028 | D:4      | Reached skill level 5 in Spellcasting
  3028 | D:4      | Reached skill level 1 in Charms
  3058 | D:4      | Found a staircase to the Ecumenical Temple.
  3125 | D:4      | Noticed Heedrag's ghost (weakling DECj)
  3137 | D:5      | Entered Level 5 of the Dungeon
  3167 | D:5      | Noticed a centaur
  3168 | D:5      | Shot with an arrow by a centaur

Skill      XL: |  1  2  3  4  5 |
---------------+----------------+-----
Conjurations   | 5 6 |  6.5
Spellcasting   | 4 5 |  5.2
Charms         | 1 |  1.1
Dodging        | |  2.4
Stealth        | |  2.4

Action                   |  1- 3 |  4- 6 || total
-------------------------+-------+-------++-------
Melee: Club              |     6 |       ||     6
 Cast: Magic Dart        |    82 |   111 ||   193
       Iskenderun's Myst |       |     1 ||     1
  Eat: Chunk             |       |     7 ||     7
Armor: Robe              |     6 |     3 ||     9
Dodge: Dodged            |    28 |    10 ||    38
